 Dungeon Crawl Stone Soup version 0.31-a0-196-g86fe4a5e66 (webtiles) character file.

Game seed: 16645731211536323734

13206 innerfire43 the Cleaver (level 11, -2/199 HPs)
             Began as a Demonspawn Monk on June 24, 2023.
             Was a High Priest of Trog.
             Slain by an eight-headed hydra (7 damage)
             ... on level 2 of the Lair of Beasts.
             The game lasted 00:12:14 (7293 turns).

innerfire43 the Cleaver (Demonspawn Monk)           Turns: 7293, Time: 00:12:16

Health: -2/199     AC: 25    Str: 15    XL:     11   Next: 72%
Magic:  11/11      EV:  2    Int: 12    God:    Trog [*****.]
Gold:   460        SH:  0    Dex: 20    Spells: 10/10 levels left

rFire   . . .        N - +4 executioner's axe
rCold   . . .        (shield currently unavailable)
rNeg    . . .        n - melded +18 Lear's hauberk
rPois   +            (helmet currently unavailable)
rElec   .            (cloak currently unavailable)
rCorr   .            (gloves currently unavailable)
SInv    .            (boots currently unavailable)
Will    .....        x - amulet of regeneration Stlth
                     (no ring)
HPRegen 1.33/turn    (no ring)
MPRegen 0.12/turn

%: no passive effects
@: agile, berserking, tree-form, very quick
A: stationary, stasis, torment immunity, boosted hp, thin skeletal structure 2,
foul stench 1, powered by pain 2, (weakness stinger 2)
a: Renounce Religion, Berserk, Trog's Hand, Brothers in Arms


You were on level 2 of the Lair of Beasts.
You worshipped Trog.
Trog was extremely pleased with you.
You were a tree.
You visited 2 branches of the dungeon, and saw 10 of its levels.

You collected 460 gold pieces.

Inventory:

Hand Weapons
 a - a +1 hand axe
 q - a +1 war axe of draining
 y - a +3 hand axe
 B - a +2 hand axe of freezing
 D - a +2 hand axe of electrocution
 G - a +6 dagger
 H - a +1 halberd of flaming
 J - a +1 whip of venom
 K - a +2 scimitar of flaming
 N - a +4 executioner's axe (weapon)
Missiles
 z - a throwing net
Armour
 b - a +0 robe
 d - an orb of light
 f - a +1 buckler
 n - the +18 Lear's hauberk (melded)
   (You found it on level 2 of the Dungeon)
 t - a +0 pair of gloves
 w - a +0 helmet
 I - +0 swamp dragon scales
 L - a +2 robe of willpower
Jewellery
 x - an amulet of regeneration (around neck)
 P - a ring of protection from cold
Wands
 F - a wand of roots (7)
 O - a wand of flame (7)
Scrolls
 i - 4 scrolls of teleportation
 o - a scroll of enchant armour
 p - a scroll of vulnerability
 u - 3 scrolls of fog
 v - a scroll of summoning
 E - 2 scrolls of poison
Potions
 c - 2 potions of ambrosia
 e - 3 potions of lignification
 g - a potion of heal wounds {unknown}
 h - a potion of cancellation {unknown}
 j - a potion of berserk rage
 k - a potion of curing {unknown}
 l - a potion of might {unknown}
 m - a potion of attraction {unknown}
 r - 2 potions of invisibility {unknown}
 s - a potion of enlightenment {unknown}
 A - 2 potions of haste {unknown}
 C - a potion of mutation {unknown}
 M - a potion of resistance {unknown}


   Skills:
 + Level 9.2 Fighting
 * Level 11.4 Axes
 * Level 10.8 Armour
 - Level 3.3 Dodging


You had 10 spell levels left.
You didn't know any spells.
Your spell library was empty.

Dungeon Overview and Level Annotations

Branches:
Dungeon (8/15)             Temple (0/1) D:5            Lair (2/5) D:8
  Swamp: Lair:2-3    Shoals: Lair:2-3     Snake: Lair:2-3    Spider: Lair:2-3

Altars:
Ashenzari
Kikubaaqudgha
Qazlal
Trog
Uskayaw
Vehumet
Xom
Yredelemnul

Shops:
D:4 !


Innate Abilities, Weirdness & Mutations

You are a tree.
Your roots penetrate the ground, keeping you stationary.
You cannot be teleported.
You are immune to unholy pain and torment.
Your maximum health is greatly increased.
Your equipment is partially melded.
You have a moderately thin skeletal structure. (Dex +4, Stealth++)
You may rarely emit foul miasma when damaged in melee.
You sometimes gain power by taking damage.
((You have a tail ending in a sharp stinger.))


Message History

The eight-headed hydra bites you!
* * * LOW HITPOINT WARNING * * *
You focus on the pain.
You feel agile all of a sudden. The eight-headed hydra bites you.
* * * LOW HITPOINT WARNING * * *
The eight-headed hydra closely misses you.
The eight-headed hydra bites you but does no damage.
The eight-headed hydra bites you.
* * * LOW HITPOINT WARNING * * *
The eight-headed hydra bites you but does no damage.
The eight-headed hydra barely misses you.
The eight-headed hydra misses you.
The eight-headed hydra bites you but does no damage.
The eight-headed hydra barely misses you.
The eight-headed hydra bites you but does no damage.
The eight-headed hydra closely misses you.
Really quaff the potion of lignification? [Y]es or [N]o only, please.
Really quaff the potion of lignification?
You turn into a tree.
The +18 Lear's hauberk melds into your body.
Your roots penetrate the ground.
The eight-headed hydra bites you!
* * * LOW HITPOINT WARNING * * *
The eight-headed hydra bites you but does no damage.
The eight-headed hydra barely misses you.
The eight-headed hydra bites you but does no damage.
The eight-headed hydra bites you!
* * * LOW HITPOINT WARNING * * *
The eight-headed hydra bites you.
* * * LOW HITPOINT WARNING * * *
The eight-headed hydra bites you but does no damage. x2
It was a potion of berserk rage.
A red film seems to cover your vision as you go berserk!
You feel yourself moving faster!
You feel mighty!
The eight-headed hydra bites you but does no damage.
The eight-headed hydra bites you.
* * * LOW HITPOINT WARNING * * *
The eight-headed hydra bites you!
You die...

#.....# . #.....# .. .
#.....##..
##.##.........
.##..#........##
............##.##.
........D..............
.....>..♣...............
........................
........................
.............##..≈~≈....
##.#..###.....#.~~~≈≈~..
##... #....##≈~≈~~≈~..
.... #....††.≈≈≈≈~~..
P.... #....#††.~≈≈≈~~.
.... #....#.†<.~≈≈~~.


You could see an eight-headed hydra.

Vanquished Creatures
  Erica (D:8)
  The ghost of MathMan16 the Magician, a novice DjFE (D:6)
  9 elephants
  3 black mambas (Lair:1)
  Maggie (D:7)
  6 cane toads (Lair:1)
  A komodo dragon (Lair:1)
  A rime drake (Lair:1)
  A polar bear (Lair:1)
  Sigmund (D:3)
  A wyvern (D:8)
  7 yaks (D:8)
  A basilisk (D:8)
  A steam dragon (D:7)
  6 water moccasins
  An orc warrior (D:6)
  A sky beast (D:7)
  3 black bears
  2 ice beasts
  2 phantoms
  10 wolves
  2 centaurs
  4 kobold brigands
  4 bullfrogs
  5 killer bees (D:7)
  3 howler monkeys (D:8)
  3 hounds
  5 orc priests
  A gnoll bouda (D:6)
  A jelly (D:7)
  3 sleepcaps
  3 iguanas
  4 orc wizards
  Robin (D:3)
  3 gnolls (D:6)
  4 adders
  3 white imps
  An ufetubus (D:6)
  5 worms
  3 dart slugs
  21 orcs
  5 ball pythons
  10 endoplasms
  5 giant cockroaches
  16 goblins
  3 hobgoblins
  4 jackals (D:1)
  9 quokkas
  6 bats
  A frilled lizard (D:1)
  23 kobolds
  9 rats
230 creatures vanquished.

Notes
Turn   | Place    | Note
-------+----------+-------------------------------------------
     0 | D:1      | innerfire43 the Demonspawn Monk began the quest for the
                  | Orb.
     0 | D:1      | Reached XP level 1. HP: 18/18 MP: 1/1
   187 | D:1      | Gained mutation: You have a small tail. [demonic ancestry]
   187 | D:1      | Reached XP level 2. HP: 23/24 MP: 2/2
   248 | D:1      | Reached skill level 3 in Axes
   705 | D:2      | Reached XP level 3. HP: 27/29 MP: 3/3
  1206 | D:2      | Found a faded altar of an unknown god.
  1237 | D:2      | Prayed at the altar of an unknown god.
  1237 | D:2      | Became a worshipper of Trog the Wrathful
  1237 | D:2      | Reached * piety under Trog
  1237 | D:2      | Reached ** piety under Trog
  1307 | D:2      | Found the +18 Lear's hauberk
  1476 | D:3      | Gained mutation: You sometimes gain a little power by
                  | taking damage. [demonic ancestry]
  1476 | D:3      | Reached XP level 4. HP: 28/37 MP: 4/4
  1614 | D:3      | Reached *** piety under Trog
  1626 | D:3      | Noticed Robin
  1641 | D:3      | Killed Robin
  1827 | D:3      | Noticed Sigmund
  1833 | D:3      | Killed Sigmund
  1834 | D:3      | Reached skill level 4 in Axes
  1834 | D:3      | Gained mutation: You may rarely emit foul miasma when
                  | damaged in melee. [demonic ancestry]
  1834 | D:3      | Reached XP level 5. HP: 41/42 MP: 5/5
  1975 | D:3      | Reached XP level 6. HP: 48/48 MP: 6/6
  2417 | D:4      | Found a broken altar of Ashenzari.
  2498 | D:4      | Found Simnosty's Distillery.
  2766 | D:4      | Found a shimmering altar of Xom.
  2852 | D:5      | Entered Level 5 of the Dungeon
  2852 | D:5      | Found a basalt altar of Yredelemnul.
  2916 | D:5      | Reached **** piety under Trog
  2986 | D:5      | Found a radiant altar of Vehumet.
  3012 | D:5      | Found a stormy altar of Qazlal.
  3080 | D:5      | Reached skill level 5 in Axes
  3080 | D:5      | Gained mutation: You have a somewhat thin skeletal
                  | structure. (Dex +2, Stealth+) [demonic ancestry]
  3080 | D:5      | Reached XP level 7. HP: 55/55 MP: 7/7
  3260 | D:5      | Found a staircase to the Ecumenical Temple.
  3750 | D:6      | Reached skill level 5 in Fighting
  3784 | D:6      | Reached skill level 6 in Axes
  3784 | D:6      | Gained mutation: You have a tail ending in a sharp stinger.
                  | [demonic ancestry]
  3784 | D:6      | Reached XP level 8. HP: 62/62 MP: 8/8
  3798 | D:6      | Found a large runed translucent door.
  3798 | D:6      | Found a large runed translucent door.
  3802 | D:6      | Noticed MathMan16's ghost (novice DjFE)
  3822 | D:6      | Reached skill level 5 in Armour
  4487 | D:6      | Killed MathMan16's ghost
  4488 | D:6      | Reached skill level 7 in Axes
  4566 | D:7      | Gained mutation: You sometimes gain power by taking damage.
                  | [demonic ancestry]
  4566 | D:7      | Reached XP level 9. HP: 69/69 MP: 9/9
  4660 | D:7      | Reached ***** piety under Trog
  4745 | D:7      | Found a hide-covered altar of Uskayaw.
  4745 | D:7      | Found an ancient bone altar of Kikubaaqudgha.
  4894 | D:7      | Reached skill level 8 in Axes
  5167 | D:7      | Noticed Maggie
  5185 | D:7      | Killed Maggie
  5851 | D:8      | Noticed Erica
  5869 | D:8      | Gained mutation: You have a moderately thin skeletal
                  | structure. (Dex +4, Stealth++) [demonic ancestry]
  5869 | D:8      | Reached XP level 10. HP: 78/79 MP: 10/10
  5881 | D:8      | Reached skill level 9 in Axes
  5886 | D:8      | Killed Erica
  5916 | D:8      | Found a staircase to the Lair.
  6165 | Lair:1   | Entered Level 1 of the Lair of Beasts
  6167 | Lair:1   | Noticed a black mamba
  6185 | Lair:1   | Killed a black mamba
  6188 | Lair:1   | Received a gift from Trog
  6286 | Lair:1   | Noticed a cane toad
  6292 | Lair:1   | Killed a cane toad
  6293 | Lair:1   | Reached skill level 10 in Axes
  6365 | Lair:1   | Noticed a cane toad
  6373 | Lair:1   | Killed a cane toad
  6388 | Lair:1   | Noticed a black mamba
  6392 | Lair:1   | Killed a black mamba
  6413 | Lair:1   | Noticed a cane toad
  6414 | Lair:1   | Noticed a black mamba
  6419 | Lair:1   | Killed a cane toad
  6420 | Lair:1   | Reached XP level 11. HP: 68/87 MP: 11/11
  6523 | Lair:1   | Reached skill level 10 in Armour
  6914 | Lair:1   | Reached skill level 11 in Axes
  7284 | Lair:2   | Noticed an eight-headed hydra
  7292 | Lair:2   | HP: 6/133 [eight-headed hydra (2)]
  7293 | Lair:2   | Slain by an eight-headed hydra

Illustrated notes

Levels and vault maps discovered:
D:1:      dpeg_arrival_orchard, layout_rooms
D:2:      minmay_wonky_spiral, layout_basic,
          hellmonk_ecumenical_altar_inner_sanctum, grunt_ministairs_10
D:3:      layout_loops_ring, gup_sewer_entry_spiral, uniq_sigmund, uniq_robin
D:4:      layout_rooms, mainiacjoe_overflow_alcove_2,
          cheibrodos_ashenzari_chains, serial_shops, shop
D:5:      layout_loops_ring, kennysheep_ying_yang,
          nicolae_overflow_hidden_temple, lemuel_round_altar, temple_pool_b
D:6:      layout_loops_ring, ebering_ghost_disaster_area
D:7:      layout_gridville, grunt_temple_overflow_open, uniq_maggie
D:8:      layout_basic, mainiacjoe_overflow_24_doors, david_lair_generic,
          minmay_misc_feat_cross, uniq_erica
Lair:1:   layout_regular_city, serial_bayou_pond_a
Lair:2:   layout_regular_city, swamp_mist, infiniplex_staircase_pool

Skill      XL: |  1  2  3  4  5  6  7  8  9 10 11 |
---------------+----------------------------------+-----
Axes           | 3 4 5 6 7 8 10 11 | 11.4
Dodging        | 3 |  3.3
Fighting       | 4 5 6 7 8 9 |  9.2
Armour         | 2 3 4 6 8 9 10 | 10.8

Action                     |  1- 3 |  4- 6 |  7- 9 | 10-12 || total
---------------------------+-------+-------+-------+-------++-------
  Melee: Hand axe          |   103 |    43 |       |       ||   146
         Tailslap          |    11 |    20 |    47 |    31 ||   109
         War axe           |       |    80 |   236 |    77 ||   393
         Executioner's axe |       |       |       |    94 ||    94
    Use: Scroll            |     4 |     3 |     2 |       ||     9
         Potion            |       |       |       |     2 ||     2
   Stab: Sleeping          |     1 |       |       |     1 ||     2
 Armour: Robe              |    12 |       |       |       ||    12
         Chain mail        |     2 |    99 |   193 |   227 ||   521
         Skin              |       |       |       |     5 ||     5
  Dodge: Dodged            |    67 |    51 |   108 |   131 ||   357

Table legend: (Time is in decaauts)
 A = Elapsed time spent in this place.
 B = Non-inter-level travel time spent in this place.
 C = Inter-level travel time spent in this place.
 D = Time resting spent in this place.
 E = Time spent auto-exploring this place.
 F = Levels seen in this place.
 G = Mean time per level.
                   A        B        C        D        E       F      G
               +--------+--------+--------+--------+--------+-----+--------+
         Total |   7446 |   6965 |    481 |      0 |   5419 |  10 |  744.6 |
       Dungeon |   6282 |   5801 |    481 |      0 |   4588 |   8 |  785.2 |
          Lair |   1163 |   1163 |      0 |      0 |    831 |   2 |  581.5 |
               +--------+--------+--------+--------+--------+-----+--------+

Top non-repeatable levels by time:
  Lair:1: 1074 daAuts
     D:7: 971 daAuts
     D:3: 951 daAuts
     D:5: 899 daAuts
     D:2: 881 daAuts
     D:6: 841 daAuts
     D:8: 643 daAuts
     D:1: 603 daAuts
     D:4: 490 daAuts
  Lair:2: 89 daAuts
